 Dungeon Crawl Stone Soup version 0.14-a0-2604-g6f603d6 (webtiles) character file.

327 Jenx the Ruinous (level 4, 0/33 HPs)
             Began as a Draconian Conjurer on Feb 13, 2014.
             Slain by an orc wizard
             ... wielding a -1,+0 orcish dagger
              (1 damage)
             ... on Level 3 of the Dungeon.
             The game lasted 00:07:36 (2712 turns).

Jenx the Ruinous (Draconian Conjurer)               Turns: 2712, Time: 00:07:36

HP   0/33        AC  6     Str 10      XL: 4   Next: 83%
MP   3/9         EV 17     Int 16      God:
Gold 201         SH  0     Dex 17      Spells:  3 memorised,  1 level left

rFire  . . .     SeeInvis .     a - +0 long sword
rCold  . . .     Clarity  .     (armour unavailable)
rNeg   . . .     Conserve .     (no shield)
rPois  .         rCorr    .     (helmet restricted)
rElec  .         rRot     .     C - +0 cloak
SustAb . .       Spirit   .     (no gloves)
rMut   .         Warding  .     (no boots)
Saprov . . .     Stasis   .     (no amulet)
MR     .....                    (no ring)
                                z - ring of wizardry

@: agile, not resistant to hostile enchantments, quite stealthy
A: unfitting armour, AC +5
a: no special abilities


You were on level 3 of the Dungeon.
You were not hungry.

You visited 1 branch of the dungeon, and saw 3 of its levels.

You collected 201 gold pieces.

Inventory:

Hand weapons
 a - a +0,+0 long sword (weapon)
 h - a +0,+0 short sword
 i - a +1,+0 whip of draining
 x - a +3,+3 quarterstaff of chaos
Missiles
 g - 20 darts (quivered)
Armour
 C - a +0 cloak (worn)
Comestibles
 b - 2 bread rations
 k - a choko
 n - 3 rotting chunks of hobgoblin flesh
 r - 3 apples
 u - 2 rotting chunks of hobgoblin flesh
 B - a meat ration
 D - 4 chunks of gnoll flesh
Scrolls
 d - a scroll of enchant weapon I {unknown}
 l - 3 scrolls of magic mapping {unknown}
 m - a scroll of noise {unknown}
 p - 4 scrolls of curse jewellery {unknown}
 t - 5 scrolls of identify {unknown}
 w - a scroll of enchant armour {unknown}
 y - 2 scrolls of recharging {unknown}
Jewellery
 z - a ring of wizardry (left hand)
Potions
 e - a potion of restore abilities {unknown}
 f - a potion of heal wounds {unknown}
 o - a potion of speed {unknown}
 s - a potion of paralysis {unknown}
 v - a potion of blood
 A - a potion of agility
Books
 c - a book of Conjurations

   Spells                             Type                      Level
   *Magic Dart                        Conjuration                  1
   Searing Ray                        Conjuration                  2
   *Dazzling Spray                    Conjuration/Hexes            3
   Iskenderun's Mystic Blast          Conjuration                  4
   *Iskenderun's Battlesphere         Conjuration/Charms           4
   Fulminant Prism                    Conjuration/Hexes            5


   Skills:
 - Level 1.7 Dodging
 - Level 1.7 Stealth
 + Level 3.0 Spellcasting
 - Level 5.1 Conjurations
 - Level 1.0 Hexes
 * Level 1.2 Charms


You had one spell level left.
You knew the following spells:

 Your Spells              Type           Power        Failure   Level  Hunger
a - Magic Dart            Conj           ###.         1%          1    #......
b - Dazzling Spray        Conj/Hex       ##......     7%          3    ###....
c - Iskenderun's Battles  Conj/Chrm      ##......     30%         4    #####..


Dungeon Overview and Level Annotations

Branches:
Dungeon (3/16)

Altars:
Dithmenos
Nemelex Xobeh


Message History

The orc wizard flickers and vanishes!
The orc hits you with a runed orcish mace.
You miss something. Something hits you. The orc misses you.
You hear some strange, mumbled words.
A puff of flame appears from out of thin air!
The puff of flame hits you!
You hear some strange, mumbled words.
The puff of flame misses you.
You hit the orc but do no damage.
The orc is heavily wounded.
Something hits you.
* * * LOW HITPOINT WARNING * * *
You hear some strange, mumbled words.
The puff of flame hits you!
* * * LOW HITPOINT WARNING * * *
The orc hits you but does no damage.
Drink which item? (? for menu, Esc to quit)
You feel agile all of a sudden.
It was a potion of agility.
Something hits you.
You die...

#...#.#..########.#####.#.#####.#
#........# ##.## #.#.......#
#.#..##..# ###...# #.#########
#........# #...#.####.###
###......#####.#...##..(..# ##.
#####.......###.....#
#.......###.....##
#....o..##.......#
#.....@.##.......#
#....{..##....##.#
#....)..##..####.#
#..#.#..##..####.#
##......##.......#
#.#.#..###.###### .%....## #.#
....## #.# ..... #.#


You could see an orc.

Vanquished Creatures
  Crazy Yiuf (D:3)
  A worker ant (D:3)
  An adder (D:2)
  2 orcs (D:3)
  9 bats
  4 giant cockroaches
  10 hobgoblins
  4 jackals (D:1)
  6 kobolds (D:1)
  An ooze (D:1)
  2 quokkas
  A giant gecko (D:1)
  9 goblins
  7 rats
58 creatures vanquished.

Notes
Turn   | Place    | Note
--------------------------------------------------------------
     0 | D:1      | Jenx, the Draconian Conjurer, began the quest for the Orb.
     0 | D:1      | Reached XP level 1. HP: 14/14 MP: 3/3
   406 | D:1      | Reached XP level 2. HP: 18/20 MP: 0/4
  1053 | D:1      | Reached XP level 3. HP: 23/26 MP: 6/6
  1058 | D:1      | Learned a level 3 spell: Dazzling Spray
  1461 | D:2      | Found a sparkling altar of Nemelex Xobeh.
  1481 | D:2      | Reached skill level 5 in Conjurations
  2003 | D:3      | Reached skill level 1 in Hexes
  2092 | D:3      | Reached XP level 4. HP: 29/33 MP: 8/8
  2221 | D:3      | Found a shadowy altar of Dithmenos.
  2442 | D:3      | Learned a level 4 spell: Iskenderun's Battlesphere
  2566 | D:3      | Noticed Crazy Yiuf
  2582 | D:3      | Killed Crazy Yiuf
  2582 | D:3      | Reached skill level 1 in Charms
  2711 | D:3      | HP: 1/33 [something/puff of flame (8)]
  2712 | D:3      | Slain by an orc wizard

Action                   |  1- 3 |  4- 6 || total
-------------------------+-------+-------++-------
Melee: Club              |    49 |       ||    49
       Unarmed           |     5 |       ||     5
       Short sword       |    65 |       ||    65
       Long sword        |    25 |    31 ||    56
 Cast: Magic Dart        |    38 |    14 ||    52
       Dazzling Spray    |       |     3 ||     3
  Use: Potion            |       |     1 ||     1
 Stab: Sleeping          |     3 |     1 ||     4
